 Dungeon Crawl Stone Soup version 0.30-a0-912-ge10d75a369 (webtiles) character file.

Game seed: 8845926401102123043

898 Aequonox the Sneak (level 8, -7/46 HPs)
             Began as a Gargoyle Fire Elementalist on Mar 19, 2023.
             Killed from afar by Dowan (15 damage)
             ... with a stone arrow
             ... on level 5 of the Dungeon.
             The game lasted 00:18:33 (5859 turns).

Aequonox the Sneak (Gargoyle Fire Elementalist)     Turns: 5859, Time: 00:18:35

Health: -7/46      AC: 13    Str: 15    XL:     8   Next: 7%
Magic:  11/12      EV: 14    Int: 25    God:
Gold:   161        SH:  0    Dex: 10    Spells: 9/12 levels left

rFire   . . .      SeeInvis .    v - +9 dagger of Evolution {heavy, Str+4}
rCold   . . .      Faith    .    (no shield)
rNeg    + . .      Spirit   .    d - +0 scale mail
rPois   ∞          Reflect  .    (no helmet)
rElec   +          Rampage  .    o - +0 cloak
rCorr   .                        (no gloves)
Will    .....                    (no boots)
Stlth   +                        (no amulet)
HPRegen 0.27/turn                k - +5 ring of evasion
MPRegen 0.13/turn                y - +6 ring of intelligence

@: hasted, very quick
A: sickness immunity, AC +5, negative energy resistance 1, electricity
resistance, torment resistance 1, petrification resistance
a: no special abilities


You were on level 5 of the Dungeon.
You visited 1 branch of the dungeon, and saw 5 of its levels.

You collected 161 gold pieces.

Inventory:

Hand Weapons
 v - the +9 dagger of Evolution (weapon) {heavy, Str+4}
   (You found it on level 3 of the Dungeon)

   Str:       It affects your strength (+4).
Missiles
 e - 5 silver boomerangs
Armour
 a - a +0 robe
 c - a +0 plate armour
 d - a +0 scale mail (worn)
 h - a +0 leather armour
 o - a +0 cloak (worn)
Magical Staves
 l - a staff of cold
 n - a staff of conjuration
 B - a staff of poison
Jewellery
 k - a +5 ring of evasion (left hand)
 y - a +6 ring of intelligence (right hand)
Wands
 t - a wand of quicksilver (6)
Scrolls
 g - a scroll of enchant weapon
 i - 3 scrolls of teleportation {unknown}
 m - a scroll of summoning {unknown}
 p - a scroll of vulnerability {unknown}
 r - 2 scrolls of brand weapon {unknown}
 w - 2 scrolls of magic mapping
 A - a scroll of torment {unknown}
 C - a scroll of identify {unknown}
 D - a scroll of fog {unknown}
 F - a scroll of poison {unknown}
Potions
 b - a potion of magic
 f - a potion of lignification {unknown}
 j - 2 potions of mutation {unknown}
 q - a potion of heal wounds {unknown}
 s - a potion of cancellation {unknown}
 u - 2 potions of might {unknown}
 x - a potion of attraction {unknown}
 z - a potion of flight {unknown}
 E - a potion of haste
 G - a potion of brilliance {unknown}


   Skills:
 + Level 3.3 Fighting
 * Level 3.4 Short Blades
 + Level 4.2 Armour
 - Level 2.2 Dodging
 - Level 4.6 Stealth
 - Level 2.9 Spellcasting
 - Level 2.5 Conjurations
 - Level 3.7 Fire Magic
 - Level 0.7 Evocations


You had 9 spell levels left.
You knew the following spells:

 Your Spells              Type           Power      Damage    Failure   Level
a - Foxfire               Conj/Fire      76%        2x1d7     11%         1
b - Scorch                Fire           44%        2d7       12%         2

Your spell library contained the following spells:

 Spells                   Type           Power      Damage    Failure   Level
 Apportation              Tloc           6%         N/A       36%         1
 Inner Flame              Hex/Fire       13%        N/A       45%         3
 Kindle Blastsparks       Fire/Tloc/Air  18%        2d11      56%         3
 Flame Wave               Conj/Fire      19%        2d7       71%         4
 Alistair's Intoxication  Tmut/Pois      2%         N/A       100%        5


Dungeon Overview and Level Annotations

Branches:
Dungeon (5/15)
 Temple: D:4-7

Altars:

Annotations:
D:4 Eustachio
D:5 Dowan


Innate Abilities, Weirdness & Mutations

You are immune to sickness and miasma.
Your stone body is resilient. (AC +5)
You are immune to poison.
You resist negative energy. (rN+)
You are resistant to electric shocks. (rElec)
You are resistant to unholy torment.
You are immune to petrification.


Message History

Confirm with . or Enter, or press ? or * to list all spells.
Flames lash the orc.
You kill the orc!
Dowan hits you with a +0 dagger. Dowan barely misses you.
You hit Dowan.
Dowan is heavily wounded.
Dowan hits you but does no damage. Dowan hits you with a +0 dagger.
You puncture Dowan!
Dowan is severely wounded.
Dowan mumbles some strange words.
Dowan blinks!
The orc priest hits you with a +0 short sword.
The orc priest attacks as you move away!
The orc priest closely misses you. Dowan casts a spell at you.
The stone arrow hits you.
You barely miss Dowan.
Dowan is severely wounded.
Dowan hits you but does no damage. The orc priest completely misses you.
Dowan hits you but does no damage.
You hit Dowan.
Dowan is severely wounded.
Dowan casts a spell at you. The shard of ice hits you!
The orc priest barely misses you.
Dowan mumbles some strange words.
Dowan blinks!
The orc priest misses you.
Dowan points at you and mumbles some strange words.
The stone arrow hits you.
The orc priest mumbles some strange prayers to Beogh against you.
Beogh smites you!
* * * LOW HITPOINT WARNING * * *
Dowan closely misses you.
It was a potion of haste.
You feel yourself speed up. The orc barely misses you.
The orc priest looks encouraged for a moment.
Dowan barely misses you. Dowan casts a spell at you. The stone arrow hits you!
You die...

... #.# ########## ...
#.# #........# ...
###.#### #.######.# ...
#......# #.# #.#
#####.#.##.###.######.#
.....................>#
#####.#.##.#..o#e..##.#
#.#...)#..o.....#.#
#.######....@##...#
#.#######)##.##.###
#.#.......##[##.#
#.#.#......#.##.#
#.#.#.#.##)#.##.#
#.#.#§#.##.#)##.#
#.#.#.#.##.#<...#
#.#...##.#.####
#.#§#..###.#.#


You could see Dowan (fast), an orc priest and an orc.

Vanquished Creatures
  Duvessa (D:5)
  An ice beast (D:5)
  A black bear (D:5)
  An ogre (D:3)
  A scorpion (D:3)
  A jelly (D:5)
  2 orc priests
  A hound (D:5)
  An iguana (D:4)
  A sleepcap (D:5)
  Jessica (D:2)
  An orc wizard (D:3)
  Natasha (twice) (D:2)
  3 gnolls
  8 adders
  3 worms
  2 dart slugs
  9 orcs
  11 ball pythons
  4 endoplasms
  4 giant cockroaches
  12 goblins
  10 hobgoblins
  4 quokkas
  5 bats
  5 frilled lizards
  4 kobolds
  4 rats
103 creatures vanquished.

Vanquished Creatures (others)
  341 foxfires
341 creatures vanquished.

Grand Total: 444 creatures vanquished

Notes
Turn   | Place    | Note
-------+----------+-------------------------------------------
     0 | D:1      | Aequonox the Gargoyle Fire Elementalist began the quest for
                  | the Orb.
     0 | D:1      | Reached XP level 1. HP: 10/10 MP: 3/3
   197 | D:1      | Reached skill level 1 in Armour
   330 | D:1      | Reached XP level 2. HP: 15/15 MP: 3/5
  1750 | D:2      | Noticed Natasha
  1792 | D:2      | Reached XP level 3. HP: 19/19 MP: 3/6
  1941 | D:2      | Reached XP level 4. HP: 9/24 MP: 1/7
  1970 | D:2      | Reached skill level 1 in Fighting
  2579 | D:2      | Killed Natasha
  2580 | D:2      | Reached XP level 5. HP: 14/29 MP: 3/8
  2768 | D:2      | Noticed Natasha
  2773 | D:2      | Killed Natasha
  2962 | D:2      | Noticed Jessica
  2965 | D:2      | Killed Jessica
  3414 | D:3      | Identified the +9 dagger of Evolution {heavy, Str+4}
  3972 | D:3      | Reached XP level 6. HP: 18/35 MP: 10/10
  4216 | D:3      | Learned a level 2 spell: Scorch
  4323 | D:3      | Reached skill level 1 in Short Blades
  4681 | D:3      | Reached XP level 7. HP: 37/40 MP: 11/11
  5015 | D:4      | Noticed Eustachio
  5040 | D:5      | Entered Level 5 of the Dungeon
  5775 | D:5      | Noticed Duvessa
  5775 | D:5      | Noticed Dowan
  5806 | D:5      | Killed Duvessa
  5807 | D:5      | Reached XP level 8. HP: 40/46 MP: 8/12
  5859 | D:5      | Killed from afar by Dowan

Illustrated notes

Levels and vault maps discovered:
D:1:      roderic_dead_forest, layout_loops_corners,
          amcnicky_mini_rare_corridor_liquid, st_stairs_14,
          hangedman_decor_slide_cut
D:2:      layout_loops_ring, kennysheep_generic_room_8, uniq_jessica,
          uniq_natasha
D:3:      layout_loops_ring, st_stairs_13, minmay_ogre_servants
D:4:      dreamdust_elfheim, layout_cave_pools, uniq_grinder, uniq_eustachio
D:5:      layout_basic, mainiacjoe_overflow_catwalk, serial_shops, shop,
          minmay_misc_feat_encased, uniq_duvessa

Skill      XL: |  1  2  3  4  5  6  7 |
---------------+----------------------+-----
Armour         | 1 2 3 4 |  4.2
Fighting       | 1 2 3 |  3.3
Conjurations   | 2 |  2.5
Stealth        | 3 4 |  4.6
Short Blades   | 1 3 |  3.4
Dodging        | 2 |  2.2
Spellcasting   | |  2.9
Fire Magic     | |  3.7
Evocations     | |  0.7

Action                     |  1- 3 |  4- 6 |  7- 9 || total
---------------------------+-------+-------+-------++-------
  Melee: Unarmed           |     2 |       |       ||     2
         Mace              |     9 |     9 |       ||    18
         Staff             |       |     2 |       ||     2
         Dagger            |       |    56 |    38 ||    94
   Cast: Foxfire           |    76 |   104 |    28 ||   208
         Scorch            |       |     3 |    12 ||    15
    Use: Scroll            |       |     2 |       ||     2
         Potion            |       |       |     1 ||     1
   Stab: Sleeping          |       |     2 |       ||     2
 Armour: Robe              |     4 |       |       ||     4
         Leather armour    |     3 |    30 |       ||    33
         Scale mail        |       |     6 |    29 ||    35
  Dodge: Dodged            |    10 |    65 |    40 ||   115

Table legend: (Time is in decaauts)
 A = Elapsed time spent in this place.
 B = Non-inter-level travel time spent in this place.
 C = Inter-level travel time spent in this place.
 D = Time resting spent in this place.
 E = Time spent auto-exploring this place.
 F = Levels seen in this place.
 G = Mean time per level.
                   A        B        C        D        E       F      G
               +--------+--------+--------+--------+--------+-----+--------+
         Total |   5906 |   5742 |    164 |    844 |   3640 |   5 | 1181.2 |
       Dungeon |   5906 |   5742 |    164 |    844 |   3640 |   5 | 1181.2 |
               +--------+--------+--------+--------+--------+-----+--------+

Top non-repeatable levels by time:
     D:2: 1720 daAuts
     D:1: 1631 daAuts
     D:3: 1329 daAuts
     D:5: 825 daAuts
     D:4: 399 daAuts
